Map: Frost LE

Players

Vindicator

  • Race: Zerg Zerg
  • League: Platinum

blackxored - Winner!

  • Race: Zerg Zerg
  • League: Diamond

VOD

Have the link to the VOD?

Description

Time

  • Played on: July 2, 2016, 1 a.m.
  • Length: 5:01
Show
View Real Time Build Order
Export as new Build Order

Vindicator Zerg 

Build Orders: Pool First, Zergling Baneling 

Get SALT Encoding   

  12  0:01  Drone  
  13  0:13  Overlord  
  13  0:17  Drone  
  14  0:31  Drone x2  
  14  0:35  Drone  
  17  0:47  Spawning Pool  
  16  0:51  Extractor  
  16  0:52  Drone  
  16  0:56  Drone  
  17  1:07  Drone  
  18  1:24  Hatchery  
  17  1:27  Drone  
  17  1:29  Drone  
  19  1:41  Queen  
  21  1:49  Overlord  
  21  1:55  Metabolic Boost  
  21  2:03  Drone  
  21  2:08  Zergling x2  
  23  2:16  Baneling Nest, Zergling x2  
  23  2:28  Zergling x2  
  23  2:29  Queen  
  26  2:35  Zergling x2  
  27  2:37  Zergling x2  
  27  2:41  Queen  
  30  2:52  Overlord  
  30  3:15  Drone x3  
  30  3:16  Roach Warren  
  30  3:17  Baneling x4  
  30  3:18  Baneling  
  30  3:19  Drone  
  33  3:30  Zergling x6  
  36  3:38  Zergling x4  
  36  3:39  Zergling x2  
  33  3:43  Zergling x2  
  33  3:48  Zergling x2  
  33  3:49  Baneling  
  33  3:50  Baneling  
  33  3:51  Baneling  
  33  3:55  Zergling x2  
  34  4:16  Zergling x10  
  30  4:19  Zergling x6  
  30  4:23  Zergling x2  
  32  4:27  Zergling x2  
  30  4:32  Zergling x2  
  30  4:33  Zergling x2  
  28  4:41  Zergling x4  
Show
View Real Time Build Order
Export as new Build Order

blackxored Zerg - Winner!

Build Orders: Pool First, Zergling Baneling 

Get SALT Encoding   

  12  0:01  Drone  
  13  0:08  Drone  
  14  0:16  Extractor  
  14  0:17  Drone  
  14  0:34  Spawning Pool  
  13  0:38  Drone  
  13  0:42  Extractor  
  13  0:44  Drone  
  15  0:54  Overlord  
  15  1:13  Drone x3  
  18  1:20  Queen  
  20  1:29  Overlord  
  20  1:36  Metabolic Boost  
  20  1:40  Drone  
  21  1:48  Baneling Nest  
  21  1:54  Drone  
  21  2:00  Zergling x2  
  22  2:08  Zergling x2  
  23  2:19  Hatchery  
  23  2:22  Zergling x2  
  23  2:29  Zergling x4  
  26  2:30  Zergling x2  
  26  2:40  Zergling x2  
  27  2:51  Overlord  
  27  3:03  Baneling x3  
  27  3:04  Zergling x2  
  28  3:13  Zergling x2  
  29  3:29  Zergling x6  
  32  3:36  Zergling x4  
  29  3:50  Baneling x6  
  29  3:55  Zergling x10  
  33  3:56  Zergling x2  
  34  4:03  Zergling x2  
  31  4:17  Zergling x10  
  36  4:25  Zergling x4  
  36  4:27  Baneling x5  
Tags
 
Add a new tag
Caveats
  • Supply blocks, unpowered buildings, or Contaminate may cause inaccurate times.
  • Supply counts are checked every 10 seconds.